 Dungeon Crawl Stone Soup version bcrawl-1.17.3 (webtiles) character file.

Game seed: 6936338802308884089

132 Gumption the Sneak (level 5, -3/39 HPs)
             Began as a Human Archaeologist on Oct 24, 2019.
             Was an Initiate of Okawaru.
             Slain by a bullfrog (9 damage)
             ... on level 3 of the Dungeon.
             The game lasted 00:34:42 (3558 turns).

Gumption the Sneak (Human Archaeologist)            Turns: 3558, Time: 00:34:42

Health: -3/39      AC:  7    Str: 12    XL:     5   Next: 38%
Magic:  8/8        EV: 13    Int: 15    God:    Okawaru [......]
Gold:   223        SH:  0    Dex: 11    Spells: 4/4 levels left

rFire    . . .     SeeInvis .   a - +1 whip
rCold    . . .     Gourm    .   (no shield)
rNeg     . . .     Faith    .   n - +1 robe
rPois    .         Spirit   .   c - +1 hat
rElec    .         Reflect  .   (no cloak)
rCorr    .         Harm     .   x - +0 pair of gloves
MR       .....                  d - +1 pair of boots
Stlth    +++.......             (no amulet)
HPRegen  0.13/turn              (no ring)
MPRegen  0.11/turn              (no ring)

@: hasted (expiring), studying Evocations, very quick
A: no striking features
a: Renounce Religion


You were on level 3 of the Dungeon.
You worshipped Okawaru.
Okawaru was noncommittal.
You were not hungry.

You visited 1 branch of the dungeon, and saw 4 of its levels.

You collected 223 gold pieces.

Inventory:

Hand Weapons
 a - a +1 whip (weapon)
 b - a +0 dagger
 D - a +0 short sword of venom
Missiles
 q - 618 stones (quivered)
Armour
 c - a +1 hat (worn)
 d - a +1 pair of boots (worn)
 n - a +1 robe (worn)
 x - a +0 pair of gloves (worn)
Jewellery
 o - a +3 ring of dexterity {unknown}
 B - a +2 ring of dexterity {unknown}
Scrolls
 p - 2 scrolls of teleportation
Potions
 j - a potion of might
 m - 2 potions of curing
 r - 2 potions of mutation
 s - a potion of cancellation
 t - a potion of flight
 v - a potion of agility
 A - a potion of lignification
Books
 g - a manual of Evocations
Miscellaneous
 f - an ancient crate
Comestibles
 e - 8 rations {!d}


   Skills:
 + Level 2.4 Fighting
 - Level 1.1 Maces & Flails
 + Level 4.1 Dodging
 + Level 4.5 Stealth
 * Level 4.0 Evocations


You had 4 spell levels left.
You didn't know any spells.
Your spell library was empty.

Dungeon Overview and Level Annotations

Branches:
Dungeon (4/12)
 Temple: D:4-7

Altars:
Cheibriados
Okawaru

Annotations:
D:2 Sigmund
D:3 exclusions: door and worker ant


Message History

You climb upwards.
Level annotation: exclusions: door and worker ant
There is a stone staircase leading down here.
There is a stone staircase leading down here.
The bullfrog swells and bulges.
Your extra speed is starting to run out.
You hit the bullfrog.
The bullfrog is lightly wounded.
The bullfrog closely misses you.
You hit the bullfrog.
The bullfrog is moderately wounded.
The bullfrog hits you.
* * * LOW HITPOINT WARNING * * *
You hit the bullfrog.
The bullfrog is heavily wounded.
The bullfrog misses you.
You barely miss the bullfrog.
The bullfrog is heavily wounded.
The bullfrog hits you!
You die...

..#.#.#.########
#.........#
###...#........#
#.#########
############.#
#.# #.# #.# #.#
#.# #.# #.# #.#
#.# #.#######.#
#..@F.....#
#########.# ###


You could see a bullfrog.

Vanquished Creatures
  A worker ant (D:3)
  A howler monkey skeleton (D:4)
  2 adders (D:3)
  An ooze (D:2)
  4 dart slugs
  3 leopard geckos
  5 orcs
  2 giant cockroaches
  8 hobgoblins
  5 jackals (D:3)
  7 kobolds
  A ball python (D:3)
  3 bats
  5 frilled lizards
  5 goblins
  A quokka skeleton (D:4)
  4 rats (D:1)
58 creatures vanquished.

Notes
Turn   | Place    | Note
-------+----------+-------------------------------------------
     0 | D:1      | Gumption the Human Archaeologist began the quest for the
                  | Orb.
     0 | D:1      | Reached XP level 1. HP: 15/15 MP: 1/1
   127 | D:1      | Reached XP level 2. HP: 20/21 MP: 2/2
   551 | D:1      | Reached XP level 3. HP: 27/27 MP: 3/3
   691 | D:1      | Reached skill level 1 in Evocations
   942 | D:2      | Noticed Sigmund
  1293 | D:2      | Reached XP level 4. HP: 31/33 MP: 5/5
  2449 | D:3      | Reached XP level 5. HP: 21/39 MP: 7/7
  2590 | D:3      | Found an iron altar of Okawaru.
  2598 | D:3      | Became a worshipper of Warmaster Okawaru
  2874 | D:3      | Noticed a hungry ghost
  3171 | D:4      | Found a snail-covered altar of Cheibriados.
  3196 | D:4      | Noticed an ogre
  3217 | D:4      | HP: 1/39 [ogre/+0 giant spiked club (24)]
  3498 | D:4      | Noticed a bullfrog
  3558 | D:3      | Slain by a bullfrog

Skill      XL: |  1  2  3  4  5 |
---------------+----------------+-----
Stealth        | 4 |  4.5
Evocations     | 2 3 4 |  4.0
Fighting       | 2 |  2.4
Dodging        | 4 |  4.1
Maces & Flails | |  1.1

Action                   |  1- 3 |  4- 6 || total
-------------------------+-------+-------++-------
Melee: Whip              |   114 |   127 ||   241
       Dagger            |    15 |    72 ||    87
Throw: Stone             |    33 |    33 ||    66
  Use: Scroll            |     6 |     9 ||    15
       Potion            |       |     3 ||     3
 Stab: Sleeping          |     9 |     3 ||    12
       Distracted        |       |     1 ||     1
  Eat: Chunk             |     1 |     5 ||     6
       Ration            |       |     1 ||     1
Armor: Robe              |    30 |    52 ||    82
Dodge: Dodged            |    80 |   117 ||   197
